 Dungeon Crawl Stone Soup version 0.28-a0-1143-gcf6077d4cc (webtiles) character file.

Game seed: 280475497632232949

74 spaghetti the Bolt Thrower (level 4, -7/39 HPs)
             Began as a Deep Dwarf Hunter on Dec 14, 2021.
             Mangled by an ogre (21 damage)
             ... on level 6 of the Dungeon.
             The game lasted 00:02:41 (1723 turns).

spaghetti the Bolt Thrower (Deep Dwarf Hunter)      Turns: 1723, Time: 00:02:41

Health: -7/39      AC:  0    Str: 18    XL:     4   Next: 9%
Magic:  4/4        EV: 12    Int: 11    God:
Gold:   84         SH:  0    Dex: 13    Spells: 3/3 levels left

rFire   . . .      SeeInvis .   a - +1 hand crossbow {crossbow}
rCold   . . .      Faith    .   (no shield)
rNeg    . . .      Spirit   .   (no armour)
rPois   .          Reflect  .   (no helmet)
rElec   .          Harm     .   (no cloak)
rCorr   .          Rampage  .   (no gloves)
Will    .....                   (no boots)
Stlth   ++........              (no amulet)
HPRegen 0.00/turn               (no ring)
MPRegen 0.09/turn               (no ring)

@: studying Invocations
A: damage resistance, heal wounds, sense surroundings 1, no regeneration
a: Heal Wounds


You were on level 6 of the Dungeon.
You visited 1 branch of the dungeon, and saw 4 of its levels.

You collected 84 gold pieces.


Innate Abilities, Weirdness & Mutations

You are resistant to damage.
You can heal yourself by infusing magical energy.
You passively map a small area around you.
You do not regenerate.


   Skills:
 - Level 1.7 Fighting
 + Level 6.2 Crossbows
 - Level 2.1 Dodging
 - Level 1.2 Stealth


You had 3 spell levels left.
You didn't know any spells.
Your spell library contained the following spells:

 Spells                   Type           Power      Damage    Failure   Level
 Corpse Rot               Necr/Air       0%         N/A       47%         2
 Poisonous Vapours        Pois/Air       0%         N/A       47%         2

Inventory:

Hand Weapons
 a - a +1 hand crossbow (weapon) {crossbow}
 b - a +0 short sword {short}
Missiles
 d - 35 bolts (quivered ammo)
 f - 95 stones {throwing}
Armour
 c - a +0 leather armour
 e - a +0 scale mail
   (You found it on level 6 of the Dungeon)
 g - a +3 leather armour
   (You found it on level 1 of the Dungeon)
 i - a +0 robe
   (You found it on level 1 of the Dungeon)
 j - a +0 ring mail
   (You found it on level 1 of the Dungeon)
 k - a +0 robe
   (You found it on level 2 of the Dungeon)
Scrolls
 l - a scroll of identify {@r1}
Potions
 h - a potion of lignification {!q}
 m - a potion of curing {@q1}

Dungeon Overview and Level Annotations

Branches:
Dungeon (6/15)             Temple (0/1) D:6

Altars:

Shops:
D:1

(
,,,+,*****,************,,,,,,,,**
,,,+,,,,,....,,,,,,,,,+,,,,,,,,+,
≈≈≈*,****....,*********,,,,,,,,**
≈≈≈*,* *,....###### ***********
≈≈≈*,** *,,...#....## * ≈≈**,,*
**+*#..≈§§..# *
≈***,,***#+##.≈§§≈≈.### * **
*,,,**....≈≈O≈§≈§..# ### * *
*,*,**....≈§≈@≈§§..# #.# *
*,*,**....§≈§hO≈§..# #.####
*,*,**.....≈≈§≈≈...# #....#
*,*,,,......§≈§....######.##.#
*,*,*,......(.............##.#
*,*<,,....(...............+..#
****,**,,....................#..#
,,,,,**,,....................#..#
,,,,,***,,............######.#..#


You could see 2 ogres and a hound.


Message History

Unknown command.
Unknown command.
You pick up a manual of Invocations {!d} and begin studying.
You see here a giant cockroach corpse.
A goblin comes into view. It is wielding a +0 dagger.
You see here a bolt.
A goblin is nearby!
You shoot a bolt. The bolt hits the goblin.
You shoot a bolt. The bolt barely misses the goblin.
You shoot a bolt. The bolt hits the goblin!
You kill the goblin!
No target in view!
No target in view!
No target in view!
No target in view!
No target in view!
No target in view!
No target in view!
No target in view!
No target in view!
No target in view!
No target in view!
No target in view!
d - 35 bolts (gained 1)
d - 36 bolts (gained 1)
d - 37 bolts (gained 1)
You now have 84 gold pieces (gained 12).
d - 38 bolts (gained 1)
m - a potion of curing {@q1} A sudden malevolence fills the Dungeon...
You fall into a shaft and drop 3 floors!
The shaft crumbles and collapses.
Unknown command.
Unknown command.
Really read
e - a scroll of magic mapping {!r}?
As you read the scroll of magic mapping {!r}, it crumbles to dust.
You feel aware of your surroundings.
Unknown command.
Unknown command.
e - a +0 scale mail A centaur zombie comes into view.
You shoot a bolt. The bolt hits the centaur zombie!
You shoot a bolt. The bolt hits the centaur zombie.
The centaur zombie barely misses you.
The centaur zombie completely misses you.
The centaur zombie hits you. The centaur zombie barely misses you.
You shoot a bolt.
The bolt barely misses the centaur zombie.
The centaur zombie hits you. The centaur zombie kicks you. 😕 HP[-2]
You take 2 damage, and now have 30/32 hp.
You shoot a bolt. The bolt hits the centaur zombie!
The centaur zombie hits you. The centaur zombie barely misses you.
The centaur zombie completely misses you.
The centaur zombie kicks you. 😕 HP[-1]
You take 1 damage, and now have 29/32 hp.
You shoot a bolt. The bolt hits the centaur zombie!
You destroy the centaur zombie!
Your Crossbows skill increases to level 6!
You have reached level 4!
You feel stronger. 😕 HP[+6] MP[+1]
You now have 39 max hp (+7).
You regained 6 hp, and now have 35/39 hp.
Your mp is fully restored (4).
You start waiting.
Done waiting.
d - 37 bolts (gained 4)
d - 38 bolts (gained 1)
f - 95 stones {throwing} (gained 24)
Found a staircase to the Ecumenical Temple.
An ogre comes into view. It is wielding a +0 giant spiked club.
You shoot a bolt.
The bolt hits the ogre but does no damage.
The ogre shouts!
A hound comes into view.
You shoot a bolt. The bolt barely misses the ogre.
You shoot a bolt. The bolt hits the ogre.
You aren't carrying any items that you can evoke.
Okay, then.
The hound closely misses you. The hound bites you.
You enter the shallow water.
Moving in this stuff is going to be slow.
An ogre comes into view. It is wielding a +0 giant club.
The ogre shouts!
The hound barely misses you. The hound closely misses you.
The ogre hits you with a +0 giant club!!
* * * LOW HITPOINT WARNING * * *
There is a staircase to the Ecumenical Temple, spattered with blood here. 😨 HP[-17]
You take 17 damage, and now have 18/39 hp.
MASSIVE DAMAGE!! (PAUSE)
The hound bites you.
* * * LOW HITPOINT WARNING * * *
The ogre hits you with a +0 giant spiked club!!
Ouch! That really hurt!
You die...

Skill      XL: |  1  2  3 |
---------------+----------+-----
Crossbows      | 5 6 |  6.2
Fighting       | |  1.7
Dodging        | |  2.1
Stealth        | |  1.2

Action                   |  1- 3 |  4- 6 || total
-------------------------+-------+-------++-------
 Fire: Hand crossbow     |    76 |     3 ||    79
  Use: Scroll            |     6 |       ||     6
       Potion            |     2 |       ||     2
Armor: Leather armour    |     4 |       ||     4
Dodge: Dodged            |    26 |     3 ||    29

Levels and vault maps discovered:
D:1:      heliophobic_arrival_ceremonial_halls, layout_loops_ring, serial_shops,
          nicolae_shop_bloodbath_and_beyond, basic_ecumenical_altar,
          minmay_misc_feat_secret_circle, chequers_arboretum, glass_columns_c,
          nicolae_concentric_dashed_squares_mild, minmay_quantized
D:2:      layout_basic, corexii_item_surrounded_by_moat, grunt_ministairs_7,
          minivault_14
D:3:      layout_loops_ring, kennysheep_nub, minmay_misc_feat_square,
          st_stairs_9, chequers_serial_rivers_micro_d, serial_bayou_pond_c
D:6:      kennysheep_big_flooded_room, layout_basic, minmay_temple_entry_mist

Notes
Turn   | Place    | Note
-------+----------+-------------------------------------------
     0 | D:1      | spaghetti the Deep Dwarf Hunter began the quest for the
                  | Orb.
     0 | D:1      | Reached XP level 1. HP: 19/19 MP: 1/1
     0 | D:1      | magus.rc [v1.9.6]
   302 | D:1      | Reached XP level 2. HP: 21/26 MP: 2/2
   508 | D:1      | Reached skill level 5 in Crossbows
   557 | D:1      | Found Jutod's Weapon Boutique.
   645 | D:1      | Found a faded altar of an unknown god.
  1168 | D:2      | You pick up a book of Vapours and begin reading...
  1168 | D:2      | You add the spells Poisonous Vapours and Corpse Rot to your
                  | library.
  1256 | D:2      | Reached XP level 3. HP: 32/32 MP: 3/3
  1502 | D:3      | Identified a scroll of acquirement
  1502 | D:3      | Acquired a manual of Invocations
  1533 | D:3      | You fall into a shaft and drop 3 floors!
  1558 | D:6      | Reached skill level 6 in Crossbows
  1558 | D:6      | Reached XP level 4. HP: 35/39 MP: 4/4
  1712 | D:6      | Found a staircase to the Ecumenical Temple.
  1713 | D:6      | Noticed an ogre
  1720 | D:6      | Noticed an ogre
  1723 | D:6      | Mangled by an ogre

Vanquished Creatures
  A centaur zombie (D:6)
  2 dart slugs (D:2)
  An orc (D:3)
  A ball python (D:1)
  4 endoplasms
  2 giant cockroaches
  2 goblins
  3 hobgoblins (D:1)
  3 jackals (D:2)
  3 bats
  4 kobolds
  6 rats
32 creatures vanquished.

Vanquished Creatures (others)
  2 plants (D:3)
2 creatures vanquished.

Grand Total: 34 creatures vanquished

Table legend:
 A = Non-vault XP
 B = Vault XP
 C = Vault XP percentage of total XP
 D = Non-vault monster count
 E = Vault monster count
 F = Vault count percentage of total count
                 A         B        C        D         E       F
            +---------+---------+-------+---------+---------+-------
      Total |      96 |      10 |   9.4 |      26 |       6 |  18.8
            +---------+---------+-------+---------+---------+-------
        D:1 |      17 |       4 |  19.0 |      10 |       3 |  23.1
        D:2 |      20 |       3 |  13.0 |       9 |       2 |  18.2
        D:3 |      10 |       3 |  23.1 |       6 |       1 |  14.3
        D:6 |      49 |       0 |   0.0 |       1 |       0 |   0.0
            +---------+---------+-------+---------+---------+-------

Illustrated notes

Table legend:
 A = Kills in this place as a percentage of kills in entire the game.
 B = Kills by you in this place as a percentage of kills by you in the entire game.
 C = Kills by friends in this place as a percentage of kills by friends in the entire game.
 D = Other kills in this place as a percentage of other kills in the entire game.
 E = Experience gained in this place as a percentage of experience gained in the entire game.
 F = Experience gained in this place divided by the number of levels of this place that you have seen.
                   A       B       C       D       E      F
               +-------+-------+-------+-------+-------+----------------------
         Total | 100.0 | 100.0 |   N/A |   N/A | 100.0 |  26.5
       Dungeon | 100.0 | 100.0 |   N/A |   N/A | 100.0 |  26.5
               +-------+-------+-------+-------+-------+----------------------

Table legend: (Time is in decaauts)
 A = Elapsed time spent in this place.
 B = Non-inter-level travel time spent in this place.
 C = Inter-level travel time spent in this place.
 D = Time resting spent in this place.
 E = Time spent auto-exploring this place.
 F = Levels seen in this place.
 G = Mean time per level.
                   A        B        C        D        E       F      G
               +--------+--------+--------+--------+--------+-----+--------+
         Total |   1742 |   1669 |     73 |    291 |   1179 |   4 |  435.5 |
       Dungeon |   1742 |   1669 |     73 |    291 |   1179 |   4 |  435.5 |
               +--------+--------+--------+--------+--------+-----+--------+

Top non-repeatable levels by time:
     D:1: 935 daAuts
     D:2: 526 daAuts
     D:6: 192 daAuts
     D:3: 88 daAuts
